[Event "72nd MNE-ch 2020"]
[Site "Podgorica"]
[Date "2020.09.13"]
[Round "5"]
[White "Sabotic, Denis"]
[Black "Skenderovic, Ismet"]
[Result "0-1"]
[ECO "A00"]
[WhiteElo "1708"]
[BlackElo "1913"]
[PlyCount "89"]
[EventDate "2020.09.11"]
[EventType "swiss"]
[EventRounds "9"]
[EventCountry "MNE"]
[TimeControl "5400+30"]

1. e4 d6 2. h3 Nd7 3. d4 c5 4. Nf3 Qc7 5. Nc3 a6 6. a4 e6 7. d5 e5 8. Bg5 Be7 9. Bxe7 Nxe7 10. Nh2 O-O 11. Bd3 Ng6 12. O-O Nf4 13. b3 Qd8 14. Ne2 Qg5 15. Nxf4 exf4 16. Qg4 Qf6 17. Qe2 Ne5 18. Ng4 Bxg4 19. hxg4 f3 20. gxf3 Nxf3+ 21. Kg2 Nh4+ 22. Kg3 Ng6 23. f4 Nxf4 24. Qd2 g5 25. Rh1 Qe5 26. Kf3 Ng6 27. Raf1 Kg7 28. Ke2 Nf4+ 29. Kf3 Rh8 30. c3 Rae8 31. Rb1 Nxd3 32. Qxd3 Qf4+ 33. Ke2 Rxe4+ 34. Kd1 Qxg4+ 35. Kc1 Qg2 36. Rd1 Rhe8 37. Rd2 Re2 38. Rbb2 Re1+ 39. Rd1 Qe4 40. Qg3 Qe3+ 41. Qxe3 R8xe3 42. Rxe1 Rxe1+ 43. Kd2 Re5 44. c4 a5 45. Kd3 0-1

[Event "72nd MNE-ch 2020"]
[Site "Podgorica"]
[Date "2020.09.14"]
[Round "6"]
[White "Draskovic, Luka"]
[Black "Kalezic, Blazo"]
[Result "1/2-1/2"]
[ECO "A00"]
[WhiteElo "2472"]
[BlackElo "2448"]
[PlyCount "67"]
[EventDate "2020.09.11"]
[EventType "swiss"]
[EventRounds "9"]
[EventCountry "MNE"]
[TimeControl "5400+30"]

1. c4 e5 2. Nc3 Bb4 3. g3 Nf6 4. Bg2 O-O 5. e4 d6 6. Nge2 Bxc3 7. Nxc3 Nc6 8. O-O Nd4 9. d3 c5 10. Bg5 h6 11. Be3 Bd7 12. f4 Ng4 13. Bxd4 cxd4 14. Nd5 Rb8 15. h3 Ne3 16. Nxe3 dxe3 17. Qe2 exf4 18. Rxf4 b5 19. b3 Qb6 20. Rf3 bxc4 21. dxc4 a5 22. Qxe3 Qc7 23. Rd1 Be6 24. Qf4 Rb6 25. Rfd3 a4 26. Kh2 axb3 27. axb3 Rfb8 28. Qe3 Kh7 29. R1d2 Qc5 30. Qf3 g5 31. Re3 Qe5 32. Rdd3 Kg7 33. Qf2 Ra6 34. Re2 1/2-1/2

[Event "72nd MNE-ch 2020"]
[Site "Podgorica"]
[Date "2020.09.14"]
[Round "6"]
[White "Nikcevic, Nebojsa"]
[Black "Tomic, Aleksandar"]
[Result "1-0"]
[ECO "A00"]
[WhiteElo "2413"]
[BlackElo "2373"]
[PlyCount "119"]
[EventDate "2020.09.11"]
[EventType "swiss"]
[EventRounds "9"]
[EventCountry "MNE"]
[TimeControl "5400+30"]

1. d4 Nf6 2. Nf3 e6 3. c4 c5 4. d5 exd5 5. cxd5 d6 6. e4 a6 7. Bd3 Bg4 8. Nbd2 g6 9. a4 Nbd7 10. O-O Ne5 11. Be2 Bxf3 12. Bxf3 Bg7 13. Be2 O-O 14. a5 Qe7 15. Re1 Ne8 16. Bf1 Nc7 17. Qa4 Rab8 18. f4 Nd7 19. Nf3 b5 20. Qc2 c4 21. Be3 Rbe8 22. Bb6 Na8 23. Bd4 Bxd4+ 24. Nxd4 Qf6 25. Qf2 Nc5 26. e5 dxe5 27. fxe5 Qxf2+ 28. Kxf2 Nc7 29. d6 N7e6 30. Nc6 Kg7 31. Rad1 Nd7 32. g3 Nec5 33. Bh3 f5 34. Re3 Re6 35. Rd5 Rfe8 36. g4 f4 37. Re2 g5 38. Bg2 Nd3+ 39. Kf1 Rc8 40. Ne7 Rf8 41. Nf5+ Kh8 42. Nd4 Rxe5 43. Rexe5 N3xe5 44. Be4 Rf6 45. Bf5 h6 46. Ne6 Nf7 47. Nc7 Nb8 48. d7 Nd8 49. Re5 Nbc6 50. Re8+ Kg7 51. Nxa6 Rd6 52. Nc5 Kf7 53. a6 Rd1+ 54. Ke2 Ra1 55. Nb7 Nd4+ 56. Kf2 N8c6 57. Nd8+ Nxd8 58. Rxd8 Nc6 59. Rc8 Rd1 60. Rxc6 1-0

[Event "72nd MNE-ch 2020"]
[Site "Podgorica"]
[Date "2020.09.14"]
[Round "6"]
[White "Pecurica, Milos"]
[Black "Musovic, Armin"]
[Result "1/2-1/2"]
[ECO "A00"]
[WhiteElo "2359"]
[BlackElo "2207"]
[Annotator "RC"]
[PlyCount "100"]
[EventDate "2020.09.11"]
[EventType "swiss"]
[EventRounds "9"]
[EventCountry "MNE"]
[TimeControl "5400+30"]

1. c4 c5 2. Nc3 Nc6 3. g3 g6 4. Bg2 Bg7 5. a3 Nf6 6. e4 O-O 7. Nge2 d6 8. O-O Bd7 9. Rb1 Qc8 10. b4 Bh3 11. d3 Bxg2 12. Kxg2 b6 13. h3 e6 14. Bg5 h6 15. Be3 Rd8 16. Qb3 d5 17. cxd5 exd5 18. Nxd5 Nxd5 19. exd5 Ne7 20. bxc5 Nxd5 21. d4 Qe6 22. cxb6 axb6 23. Kh2 Bf8 24. Nf4 Nxf4 25. Bxf4 Qxb3 26. Rxb3 Rxd4 27. Rxb6 Rxa3 28. Rb8 Rxf4 29. gxf4 Rf3 30. Rd1 Kg7 31. Rd4 Rxf2+ 32. Kg3 Re2 33. Kf3 Rh2 34. Rb7 Rxh3+ 35. Kg4 Re3 36. Rdd7 Kg8 37. Rxf7 Re6 38. f5 Re4+ 39. Kf3 gxf5 40. Rxf5 Re7 41. Rb8 Rf7 42. Kg4 Rxf5 43. Kxf5 Kf7 44. Rb7+ Be7 45. Rb6 Bg5 46. Ra6 Ke7 47. Ke5 Kd7 48. Kd5 Kc7 49. Rc6+ Kd7 50. Rxh6 Bxh6 1/2-1/2

[Event "72nd MNE-ch 2020"]
[Site "Podgorica"]
[Date "2020.09.14"]
[Round "6"]
[White "Nikac, Predrag"]
[Black "Blagojevic, Dragisa"]
[Result "0-1"]
[ECO "A00"]
[WhiteElo "2312"]
[BlackElo "2492"]
[PlyCount "122"]
[EventDate "2020.09.11"]
[EventType "swiss"]
[EventRounds "9"]
[EventCountry "MNE"]
[TimeControl "5400+30"]

1. e4 e5 2. Nf3 Nc6 3. Bc4 Nf6 4. d3 Be7 5. O-O O-O 6. Re1 d6 7. a4 Bg4 8. Nbd2 Nd4 9. h3 Bh5 10. c3 Nxf3+ 11. Nxf3 Qd7 12. a5 a6 13. Qa4 c6 14. Nh2 Rfe8 15. Ba2 Bg6 16. Nf1 Bd8 17. Ng3 h6 18. Be3 d5 19. Bc5 Be7 20. Bb6 Bd8 21. Bc5 Bc7 22. Rad1 Rad8 23. Bb3 Qc8 24. Qb4 Qb8 25. Ba4 Rd7 26. Bb6 Red8 27. Bb3 Bxb6 28. axb6 dxe4 29. dxe4 Rxd1 30. Rxd1 Rxd1+ 31. Bxd1 Qf8 32. Qc4 Nd7 33. h4 Nxb6 34. Qb3 Qd8 35. h5 Bh7 36. Bg4 Qc7 37. Qd1 Nc4 38. Qe2 Nd6 39. Qd3 Kf8 40. c4 c5 41. Qd5 Ne8 42. Bh3 Nf6 43. Qd3 Ke8 44. f3 b6 45. Qa3 Qb7 46. Qc3 Qc7 47. Qa3 a5 48. Qa4+ Kf8 49. Qb5 Bg8 50. Qa6 g6 51. hxg6 fxg6 52. Ne2 Nh5 53. Nc3 Nf4 54. Kh2 Qd8 55. Nd5 Bxd5 56. exd5 Ne2 57. g3 h5 58. Qb7 Qg5 59. g4 Qe3 60. Qb8+ Kg7 61. Qc7+ Kh6 0-1

[Event "72nd MNE-ch 2020"]
[Site "Podgorica"]
[Date "2020.09.14"]
[Round "6"]
[White "Sukovic, Andrej"]
[Black "Alivodic, Dario"]
[Result "1/2-1/2"]
[ECO "A00"]
[WhiteElo "2261"]
[BlackElo "2103"]
[PlyCount "95"]
[EventDate "2020.09.11"]
[EventType "swiss"]
[EventRounds "9"]
[EventCountry "MNE"]
[TimeControl "5400+30"]

1. c4 e6 2. g3 d5 3. Bg2 c5 4. Nf3 d4 5. e3 Nc6 6. exd4 cxd4 7. O-O Nf6 8. d3 Nd7 9. Nbd2 Be7 10. Rb1 a5 11. Re1 O-O 12. Nb3 e5 13. Na1 Qc7 14. Nc2 Nc5 15. a3 Bf5 16. Bf1 Rfd8 17. b4 axb4 18. Nxb4 Nxb4 19. Rxb4 e4 20. Bf4 Qc8 21. Rb5 Rxa3 22. Ng5 Nxd3 23. Bxd3 Rxd3 24. Qb1 Bxg5 25. Bxg5 f6 26. Bf4 Rf3 27. Rxe4 Bxe4 28. Qxe4 Ra3 29. Rxb7 Qh3 30. Rb1 Ra6 31. c5 Qe6 32. Qd3 Ra7 33. Rc1 Qc6 34. Qb3+ Kh8 35. Qb6 Qxb6 36. cxb6 Rb7 37. Bc7 Rd7 38. Rd1 Kg8 39. Kg2 Kf7 40. Kf3 f5 41. Ke2 Ke6 42. Rc1 d3+ 43. Kd2 Rd5 44. Rc3 Kd7 45. Rxd3 Rxd3+ 46. Kxd3 Rxc7 47. bxc7 Kxc7 48. Kd4 1/2-1/2

[Event "72nd MNE-ch 2020"]
[Site "Podgorica"]
[Date "2020.09.14"]
[Round "6"]
[White "Popadic, Dragan"]
[Black "Kandic, Milojko"]
[Result "1/2-1/2"]
[ECO "A00"]
[WhiteElo "2171"]
[BlackElo "1961"]
[PlyCount "41"]
[EventDate "2020.09.11"]
[EventType "swiss"]
[EventRounds "9"]
[EventCountry "MNE"]
[TimeControl "5400+30"]

1. e4 d5 2. exd5 Nf6 3. d4 Nxd5 4. Nf3 g6 5. h3 Bg7 6. Bc4 O-O 7. O-O h6 8. c3 e6 9. Nbd2 Nd7 10. Re1 c5 11. Bxd5 exd5 12. dxc5 Nxc5 13. Nb3 Na4 14. Nbd4 Nb6 15. b3 Re8 16. Ba3 Bd7 17. Qd2 Qc7 18. Rxe8+ Rxe8 19. Re1 Re4 20. Re3 Qf4 21. g3 1/2-1/2

[Event "72nd MNE-ch 2020"]
[Site "Podgorica"]
[Date "2020.09.14"]
[Round "6"]
[White "Pobor, Milo"]
[Black "Djurovic, Peko"]
[Result "1/2-1/2"]
[ECO "A00"]
[WhiteElo "2143"]
[BlackElo "2003"]
[PlyCount "43"]
[EventDate "2020.09.11"]
[EventType "swiss"]
[EventRounds "9"]
[EventCountry "MNE"]
[TimeControl "5400+30"]

1. e4 c5 2. Nf3 Nc6 3. d4 cxd4 4. Nxd4 Nf6 5. Nc3 e5 6. Ndb5 d6 7. Bg5 a6 8. Bxf6 gxf6 9. Na3 b5 10. Nd5 Bg7 11. Bd3 Ne7 12. Nxe7 Qxe7 13. O-O O-O 14. Qh5 d5 15. Rae1 f5 16. exf5 e4 17. f6 Qxf6 18. Qxd5 exd3 19. Qxa8 Qxb2 20. Nb1 dxc2 21. Nd2 Bc3 22. Qd5 1/2-1/2

[Event "72nd MNE-ch 2020"]
[Site "Podgorica"]
[Date "2020.09.14"]
[Round "6"]
[White "Lazarevic, Zoran V"]
[Black "Petrovic, Slavko"]
[Result "1-0"]
[ECO "A00"]
[WhiteElo "2132"]
[BlackElo "1909"]
[PlyCount "159"]
[EventDate "2020.09.11"]
[EventType "swiss"]
[EventRounds "9"]
[EventCountry "MNE"]
[TimeControl "5400+30"]

1. c4 c5 2. Nc3 Nc6 3. g3 g6 4. Bg2 Bg7 5. e3 d6 6. Nge2 Nf6 7. O-O O-O 8. b3 Rb8 9. h3 Bf5 10. d3 Nb4 11. e4 Bd7 12. d4 cxd4 13. Nxd4 Qc8 14. Kh2 Nc6 15. Be3 a6 16. Rc1 Qd8 17. Qd2 Nxd4 18. Bxd4 Bc6 19. Nd5 Bxd5 20. exd5 Nd7 21. Rfe1 Bxd4 22. Qxd4 Re8 23. Re2 a5 24. Rce1 b6 25. Qh4 Nf6 26. a4 Kg7 27. Qd4 Kg8 28. f4 Nd7 29. g4 Nc5 30. Qc3 Qd7 31. Bf3 Rb7 32. h4 Qd8 33. g5 Qc8 34. Kg3 Qd8 35. h5 Rf8 36. hxg6 fxg6 37. Rh1 Rf7 38. Rh4 Qf8 39. Qe3 Rg7 40. Bg4 Qf7 41. Rf2 Rb8 42. f5 Rf8 43. f6 exf6 44. gxf6 g5 45. Rhh2 Re8 46. Qd4 Rg6 47. Bf5 Qxf6 48. Be6+ Nxe6 49. Qxf6 Rxf6 50. Rxf6 Nc5 51. Kg4 Re4+ 52. Kxg5 Re3 53. Kh6 Rg3 54. Rxd6 Rxb3 55. Rf6 Rg3 56. Rxb6 Nxa4 57. Rb8+ Kf7 58. Rf2+ Ke7 59. Kxh7 Rc3 60. Rf4 Nc5 61. Rb5 Nb3 62. Re4+ Kd7 63. Rb7+ Kd8 64. Rg4 Rh3+ 65. Kg7 a4 66. Ra7 Nc5 67. Ra5 Nb7 68. Rxa4 Kc7 69. Kf6 Nc5 70. Rg7+ Kd6 71. Rb4 Rf3+ 72. Kg6 Nd7 73. Kh5 Nf6+ 74. Kg6 Nd7 75. Rb7 Ne5+ 76. Kh7 Nxc4 77. Rg6+ Kxd5 78. Rb5+ Kd4 79. Rg4+ Kc3 80. Rc5 1-0

[Event "72nd MNE-ch 2020"]
[Site "Podgorica"]
[Date "2020.09.14"]
[Round "6"]
[White "Krstonijevic, Stjepan"]
[Black "Miletic, Vuk"]
[Result "1-0"]
[ECO "A00"]
[WhiteElo "2098"]
[BlackElo "2159"]
[PlyCount "90"]
[EventDate "2020.09.11"]
[EventType "swiss"]
[EventRounds "9"]
[EventCountry "MNE"]
[TimeControl "5400+30"]

1. e4 c5 2. Nf3 Nc6 3. Bb5 g6 4. O-O Bg7 5. Nc3 e5 6. a4 Nge7 7. d3 O-O 8. Bg5 h6 9. Bxe7 Nxe7 10. Bc4 d6 11. Nd5 Kh7 12. Nxe7 Qxe7 13. a5 f5 14. Nd2 f4 15. f3 h5 16. Bd5 Rb8 17. Qe1 g5 18. h3 Bf6 19. g4 fxg3 20. Qxg3 Bg7 21. Kf2 Rf4 22. Ke2 Qf6 23. Rh1 Bd7 24. Nc4 Rf8 25. Raf1 Bc8 26. Ne3 Kh8 27. Ng2 Qe7 28. Nxf4 exf4 29. Qg2 Bxb2 30. Rb1 Bf6 31. Rb3 Qd7 32. Qg1 Re8 33. Qc1 Bd4 34. c3 Bg7 35. h4 g4 36. Qxf4 Rf8 37. Qg5 gxf3+ 38. Kf2 Qe8 39. Rg1 Bg4 40. Rxb7 Qe5 41. Qxe5 Bxe5 42. Rb3 Bh3 43. Rg6 Bf6 44. Rb7 Bxh4+ 45. Ke3 Bg4 1-0

[Event "72nd MNE-ch 2020"]
[Site "Podgorica"]
[Date "2020.09.14"]
[Round "6"]
[White "Vujovic, Savo"]
[Black "Milovic, Aleksandra"]
[Result "0-1"]
[ECO "A00"]
[WhiteElo "2082"]
[BlackElo "2198"]
[PlyCount "60"]
[EventDate "2020.09.11"]
[EventType "swiss"]
[EventRounds "9"]
[EventCountry "MNE"]
[TimeControl "5400+30"]

1. e4 c5 2. Nf3 e6 3. d4 cxd4 4. Nxd4 Nf6 5. Nc3 d6 6. g4 Nc6 7. g5 Nd7 8. h4 a6 9. Be3 Qc7 10. Qe2 b5 11. a3 Bb7 12. f4 O-O-O 13. Rh3 Nc5 14. b4 Nxd4 15. Bxd4 e5 16. bxc5 exd4 17. c6 Bxc6 18. Nd5 Bxd5 19. exd5 g6 20. O-O-O Bg7 21. a4 Rhe8 22. Qd2 Re3 23. Rxe3 dxe3 24. Qxe3 Kb8 25. axb5 Rc8 26. Qb3 Qb6 27. Bc4 a5 28. Qd3 Qc5 29. Bb3 Bc3 30. Rf1 a4 0-1

[Event "72nd MNE-ch 2020"]
[Site "Podgorica"]
[Date "2020.09.14"]
[Round "6"]
[White "Pobor, Danilo"]
[Black "Karisik, Nenad"]
[Result "0-1"]
[ECO "A00"]
[WhiteElo "2059"]
[BlackElo "2106"]
[PlyCount "128"]
[EventDate "2020.09.11"]
[EventType "swiss"]
[EventRounds "9"]
[EventCountry "MNE"]
[TimeControl "5400+30"]

1. d4 Nf6 2. Nf3 g6 3. c4 Bg7 4. Nc3 O-O 5. e4 d6 6. Be2 e5 7. Be3 Ng4 8. Bg5 f6 9. Bh4 Qe8 10. h3 Nh6 11. d5 a5 12. Nd2 Na6 13. a3 Bd7 14. b3 g5 15. Bg3 f5 16. f3 g4 17. hxg4 fxg4 18. Qc2 Qg6 19. Bf2 g3 20. Be3 Rf4 21. b4 axb4 22. axb4 Rc8 23. c5 Nxb4 24. Qb3 dxc5 25. Bxc5 Na6 26. Be3 Nf7 27. Qxb7 Nb8 28. Ra8 Nd6 29. Qb3 Rff8 30. Ba7 Qe8 31. Bxb8 Rxb8 32. Rxb8 Qxb8 33. Qxb8 Rxb8 34. Bd3 Ra8 35. Ke2 Ra3 36. Ncb1 Ra1 37. Rc1 Nb5 38. Nb3 Ra7 39. Rc5 Rb7 40. N1d2 Bf8 41. Rc1 Ra7 42. Bc4 Kg7 43. Ra1 Nd4+ 44. Kf1 Rxa1+ 45. Nxa1 Bc5 46. Nab3 Nxb3 47. Nxb3 Bb6 48. Ke1 Kf6 49. Kd2 h5 50. Bf1 h4 51. Nc1 Kg5 52. Nd3 Bb5 53. Ke2 Ba5 54. f4+ exf4 55. Kf3 Bd2 56. e5 Kf5 57. d6 cxd6 58. exd6 Be8 59. Nxf4 Bxf4 60. Bd3+ Kg5 61. Bf1 Bc6+ 62. Ke2 Bxd6 63. Ke3 Bc5+ 64. Kd2 Kf4 0-1

[Event "72nd MNE-ch 2020"]
[Site "Podgorica"]
[Date "2020.09.14"]
[Round "6"]
[White "Vuckovic, Marko"]
[Black "Petrusic, Goran"]
[Result "1-0"]
[ECO "A00"]
[WhiteElo "2059"]
[BlackElo "1935"]
[PlyCount "71"]
[EventDate "2020.09.11"]
[EventType "swiss"]
[EventRounds "9"]
[EventCountry "MNE"]
[TimeControl "5400+30"]

1. e4 c6 2. Nc3 d5 3. Nf3 dxe4 4. Nxe4 Nd7 5. Bc4 e6 6. O-O Ngf6 7. Nxf6+ Nxf6 8. d4 h6 9. Bf4 Bd6 10. Be5 O-O 11. Qe2 b6 12. Rad1 Bb7 13. Bd3 Qe7 14. c3 Rfd8 15. Nd2 c5 16. Nc4 Bxe5 17. dxe5 Nd5 18. Qe4 g6 19. Nd6 Rab8 20. Qg4 Kg7 21. h4 h5 22. Qg3 a6 23. Be2 b5 24. Bf3 Ba8 25. Rd3 Rxd6 26. exd6 Qf6 27. Rd2 Rd8 28. Rfd1 c4 29. Rd4 Rd7 30. Bxh5 Qd8 31. Bf3 Rxd6 32. h5 Rd7 33. hxg6 fxg6 34. Rg4 Bb7 35. Rxg6+ Kh8 36. Qe5+ 1-0

[Event "72nd MNE-ch 2020"]
[Site "Podgorica"]
[Date "2020.09.14"]
[Round "6"]
[White "Skenderovic, Ismet"]
[Black "Cadjenovic, Dragan"]
[Result "0-1"]
[ECO "A00"]
[WhiteElo "1913"]
[BlackElo "1841"]
[PlyCount "84"]
[EventDate "2020.09.11"]
[EventType "swiss"]
[EventRounds "9"]
[EventCountry "MNE"]
[TimeControl "5400+30"]

1. d4 Nf6 2. c4 e6 3. a3 b6 4. Nc3 Bb7 5. Bg5 Be7 6. Bxf6 Bxf6 7. e3 O-O 8. Nf3 d6 9. Be2 Nd7 10. O-O Re8 11. e4 g6 12. Qc2 Bg7 13. Rfe1 e5 14. d5 Nf6 15. Nd2 Bc8 16. h3 h5 17. Nf1 Bh6 18. Qd3 Nh7 19. Ne3 Qh4 20. Bf1 Qg5 21. g3 Bd7 22. h4 Qe7 23. Nb5 Bc8 24. Qe2 a6 25. Nc3 Rf8 26. Bg2 Bd7 27. Rf1 Nf6 28. Rac1 Rae8 29. Ncd1 Kh7 30. Bf3 Bh3 31. Bg2 Qd7 32. Qf3 Kg7 33. Bxh3 Qxh3 34. Qg2 Qd7 35. f3 Kh7 36. g4 hxg4 37. fxg4 Bf4 38. Kf2 Kg7 39. Kf3 Rh8 40. Rh1 Qa4 41. Qc2 Qd7 42. Rh3 Rh7 0-1

[Event "72nd MNE-ch 2020"]
[Site "Podgorica"]
[Date "2020.09.14"]
[Round "6"]
[White "Koljevic, Nikolina"]
[Black "Sabotic, Denis"]
[Result "1-0"]
[ECO "A00"]
[WhiteElo "1870"]
[BlackElo "1708"]
[PlyCount "74"]
[EventDate "2020.09.11"]
[EventType "swiss"]
[EventRounds "9"]
[EventCountry "MNE"]
[TimeControl "5400+30"]

1. e4 c5 2. Nf3 Nc6 3. Bb5 Qb6 4. Nc3 e6 5. O-O a6 6. Bc4 h6 7. b3 Be7 8. Bb2 Nf6 9. Re1 O-O 10. e5 Nh7 11. Ne4 Qc7 12. Ng3 b5 13. Bd3 Bb7 14. Nh5 Nb4 15. Be4 Ng5 16. Nxg5 Bxg5 17. f4 Bxe4 18. Rxe4 Be7 19. Qg4 g6 20. Nf6+ Bxf6 21. exf6 d5 22. Re5 d4 23. Rh5 Nd5 24. Rxh6 Nxf6 25. Qg5 Kg7 26. c3 Qd6 27. Re1 Rh8 28. Rxh8 Rxh8 29. Qe5 Rd8 30. Ba3 dxc3 31. dxc3 Qd2 32. Bxc5 Rd5 33. Qe3 Qxa2 34. Bd4 Qxb3 35. g4 Qb2 36. g5 a5 37. Bxf6+ Kf8 1-0

[Event "72nd MNE-ch 2020"]
[Site "Podgorica"]
[Date "2020.09.14"]
[Round "6"]
[White "Lakusic, Zoran"]
[Black "Mosurovic, Milena"]
[Result "1-0"]
[ECO "A00"]
[WhiteElo "1711"]
[BlackElo "1353"]
[PlyCount "79"]
[EventDate "2020.09.11"]
[EventType "swiss"]
[EventRounds "9"]
[EventCountry "MNE"]
[TimeControl "5400+30"]

1. e4 d5 2. exd5 Qxd5 3. Nc3 Qd8 4. Nf3 Nf6 5. Bc4 a6 6. h3 b5 7. Bb3 Bb7 8. O-O e6 9. Re1 Be7 10. d3 Nbd7 11. Bg5 O-O 12. Qe2 c5 13. a3 Qc7 14. Rad1 h6 15. Bh4 Rfe8 16. Bg3 Bd6 17. Bxd6 Qxd6 18. Ne4 Nxe4 19. dxe4 Qc6 20. c4 Rad8 21. cxb5 axb5 22. Nd2 c4 23. Bc2 Nc5 24. f3 Nd3 25. Bxd3 Rxd3 26. Rc1 Red8 27. Rc2 Qc5+ 28. Kh1 Qd4 29. Nf1 Rd1 30. Rxd1 Qxd1 31. Qxd1 Rxd1 32. Kg1 Kf8 33. Kf2 Rd3 34. Ke2 Ke7 35. Ne3 Kd6 36. a4 Ba6 37. axb5 Bxb5 38. Nxc4+ Bxc4 39. Rxc4 Rb3 40. Rc2 1-0

[Event "72nd MNE-ch 2020"]
[Site "Podgorica"]
[Date "2020.09.14"]
[Round "6"]
[White "Popovic, Mateja"]
[Black "Kalezic, Bojan"]
[Result "1/2-1/2"]
[ECO "A00"]
[WhiteElo "1550"]
[BlackElo "1855"]
[PlyCount "61"]
[EventDate "2020.09.11"]
[EventType "swiss"]
[EventRounds "9"]
[EventCountry "MNE"]
[TimeControl "5400+30"]

1. d4 d5 2. c4 e6 3. Nc3 Nf6 4. Bg5 c6 5. cxd5 cxd5 6. e3 Nc6 7. a3 Be7 8. Bd3 O-O 9. Nf3 a6 10. O-O b5 11. b4 Bb7 12. Rc1 h6 13. Bh4 Rc8 14. Nd2 e5 15. Nb3 e4 16. Be2 Nd7 17. Bxe7 Nxe7 18. Nc5 Nxc5 19. dxc5 Bc6 20. Qd2 Ra8 21. Bd1 Ng6 22. Ne2 Ne5 23. Nd4 Qd7 24. Be2 Rfd8 25. f4 exf3 26. Bxf3 Nc4 27. Qc3 a5 28. Ra1 Re8 29. Rfe1 axb4 30. axb4 Rxa1 31. Qxa1 1/2-1/2

[Event "72nd MNE-ch 2020"]
[Site "Podgorica"]
[Date "2020.09.15"]
[Round "7"]
[White "Blagojevic, Dragisa"]
[Black "Draskovic, Luka"]
[Result "1/2-1/2"]
[ECO "A00"]
[WhiteElo "2492"]
[BlackElo "2472"]
[PlyCount "24"]
[EventDate "2020.09.11"]
[EventType "swiss"]
[EventRounds "9"]
[EventCountry "MNE"]
[TimeControl "5400+30"]

1. d4 Nf6 2. c4 g6 3. Nf3 Bg7 4. g3 b6 5. Nc3 Bb7 6. d5 O-O 7. Bg2 Na6 8. O-O Nc5 9. Be3 e6 10. Ne1 exd5 11. cxd5 Re8 12. Nc2 Nfe4 1/2-1/2

[Event "72nd MNE-ch 2020"]
[Site "Podgorica"]
[Date "2020.09.15"]
[Round "7"]
[White "Kalezic, Blazo"]
[Black "Milovic, Jovan"]
[Result "1-0"]
[ECO "A00"]
[WhiteElo "2448"]
[BlackElo "2276"]
[PlyCount "51"]
[EventDate "2020.09.11"]
[EventType "swiss"]
[EventRounds "9"]
[EventCountry "MNE"]
[TimeControl "5400+30"]

1. e4 d5 2. exd5 Nf6 3. Nf3 Qxd5 4. Nc3 Qh5 5. Be2 Bg4 6. O-O Nc6 7. h3 O-O-O 8. d3 e5 9. Be3 Bxf3 10. Bxf3 Qf5 11. Ne4 Nd4 12. Bxd4 exd4 13. c4 h5 14. Qa4 Kb8 15. b4 Nxe4 16. Bxe4 Qc8 17. Rfe1 f5 18. Bf3 g5 19. Re5 g4 20. Bd5 c6 21. Be6 Qc7 22. Ra5 gxh3 23. Rxa7 Qe5 24. Ra5 Bc5 25. bxc5 Qxe6 26. Rb1 1-0

[Event "72nd MNE-ch 2020"]
[Site "Podgorica"]
[Date "2020.09.15"]
[Round "7"]
[White "Tomic, Aleksandar"]
[Black "Krstonijevic, Stjepan"]
[Result "1-0"]
[ECO "A00"]
[WhiteElo "2373"]
[BlackElo "2098"]
[PlyCount "123"]
[EventDate "2020.09.11"]
[EventType "swiss"]
[EventRounds "9"]
[EventCountry "MNE"]
[TimeControl "5400+30"]

1. d4 d5 2. Nf3 c6 3. c4 Nf6 4. Nc3 e6 5. e3 Nbd7 6. Qc2 Bd6 7. Bd3 dxc4 8. Bxc4 b5 9. Be2 Bb7 10. O-O a6 11. e4 e5 12. Rd1 Qb8 13. g3 c5 14. d5 O-O 15. a4 b4 16. Nb1 a5 17. Nbd2 Nb6 18. b3 Ba6 19. Nc4 Nxc4 20. Bxc4 Bxc4 21. Qxc4 Qc8 22. Nh4 g6 23. Bh6 Re8 24. f3 Qa6 25. Qxa6 Rxa6 26. Rac1 Nd7 27. Ng2 Ra7 28. Ne3 Nb6 29. Nc4 Nxc4 30. Rxc4 Rc7 31. Kf2 f6 32. Ke2 Kf7 33. Be3 g5 34. h4 h6 35. hxg5 hxg5 36. Rh1 Kg6 37. g4 Rec8 38. Kd3 Rb7 39. Rc2 Bf8 40. Kc4 Bg7 41. Rch2 Kf7 42. Rh7 Rd7 43. R7h2 Rb7 44. d6 Ke6 45. Bxc5 Bf8 46. Rh8 Rxc5+ 47. Kxc5 Bxd6+ 48. Kc6 Rc7+ 49. Kb6 Rc3 50. R1h7 Bc5+ 51. Kb5 Bd4 52. Kxa5 Rxb3 53. Ra8 Bc5 54. Ra6+ Bd6 55. Rb7 Rxf3 56. Rbb6 Rd3 57. Rxd6+ Rxd6 58. Rxd6+ Kxd6 59. Kxb4 f5 60. exf5 e4 61. Kc3 Ke5 62. Kd2 1-0

[Event "72nd MNE-ch 2020"]
[Site "Podgorica"]
[Date "2020.09.15"]
[Round "7"]
[White "Podlesnik, Bogdan"]
[Black "Nikcevic, Nebojsa"]
[Result "0-1"]
[ECO "A00"]
[WhiteElo "2354"]
[BlackElo "2413"]
[PlyCount "74"]
[EventDate "2020.09.11"]
[EventType "swiss"]
[EventRounds "9"]
[EventCountry "MNE"]
[TimeControl "5400+30"]

1. e4 e5 2. Nf3 Nc6 3. Nc3 Nf6 4. Bb5 Bd6 5. a3 O-O 6. d3 Bc5 7. O-O d6 8. Bg5 Bg4 9. Bxc6 bxc6 10. h3 Bd7 11. Na4 Bb6 12. Nxb6 axb6 13. d4 exd4 14. Qxd4 c5 15. Bxf6 Qxf6 16. Qxf6 gxf6 17. Rfe1 Rfe8 18. Nd2 f5 19. Re3 Kf8 20. Rae1 Ra4 21. c3 h6 22. exf5 Rxe3 23. Rxe3 Bxf5 24. g4 Be6 25. Re4 Rxe4 26. Nxe4 f5 27. Nf6 Kf7 28. gxf5 Kxf6 29. fxe6 c4 30. a4 Kxe6 31. Kg2 Kf5 32. Kf3 h5 33. Ke3 c5 34. Kf3 h4 35. Ke3 d5 36. Kf3 d4 37. Ke2 Kf4 0-1

[Event "72nd MNE-ch 2020"]
[Site "Podgorica"]
[Date "2020.09.15"]
[Round "7"]
[White "Musovic, Armin"]
[Black "Nikac, Predrag"]
[Result "0-1"]
[ECO "A00"]
[WhiteElo "2207"]
[BlackElo "2312"]
[PlyCount "150"]
[EventDate "2020.09.11"]
[EventType "swiss"]
[EventRounds "9"]
[EventCountry "MNE"]
[TimeControl "5400+30"]

1. e4 c5 2. c3 g6 3. d4 cxd4 4. cxd4 Bg7 5. Nc3 d6 6. Bc4 Nf6 7. Qa4+ Bd7 8. Qb3 O-O 9. e5 dxe5 10. dxe5 Ng4 11. Bxf7+ Rxf7 12. e6 Bxe6 13. Qxe6 Nxf2 14. Nf3 Bxc3+ 15. Kxf2 Bd4+ 16. Ke2 Bf6 17. Bh6 Nc6 18. Rad1 Qa5 19. Rd5 Qa6+ 20. Rd3 Qb5 21. Rc1 Qxb2+ 22. Kf1 Qb5 23. Qe2 Qh5 24. Be3 e5 25. Rd5 Ne7 26. Ra5 Nc6 27. Rd5 Rd8 28. Qc4 Rxd5 29. Qxd5 Qf5 30. Qb5 e4 31. Qxf5 gxf5 32. Ng5 Bxg5 33. Bxg5 Kg7 34. g3 Ne5 35. Be3 Nd3 36. Rc8 a6 37. Bd4+ Kh6 38. Rg8 f4 39. Kg2 Ne1+ 40. Kf2 Nf3 41. Bc5 fxg3+ 42. hxg3 Ng5+ 43. Kg2 Kh5 44. Be3 h6 45. Bf4 Re7 46. Be3 Rc7 47. Kf1 Kg4 48. Bf4 Rc6 49. Ke2 Rc2+ 50. Ke3 Rxa2 51. Rg6 Ra3+ 52. Ke2 Ra5 53. Rxh6 Rb5 54. Ke3 a5 55. Rh4+ Kf5 56. g4+ Kg6 57. Rh8 Rb3+ 58. Ke2 Ne6 59. Rh6+ Kf7 60. Be5 a4 61. Rh7+ Ke8 62. Rh8+ Kd7 63. Ra8 a3 64. Bf6 Nf4+ 65. Kf2 e3+ 66. Kf3 e2+ 67. Kf2 b5 68. g5 Rb1 69. Bc3 b4 70. Bd2 Rf1+ 71. Ke3 b3 72. g6 Nxg6 73. Kxe2 b2 74. Kxf1 b1=Q+ 75. Kf2 a2 0-1

[Event "72nd MNE-ch 2020"]
[Site "Podgorica"]
[Date "2020.09.15"]
[Round "7"]
[White "Bujisic, Vlastimir"]
[Black "Pecurica, Milos"]
[Result "1-0"]
[ECO "A00"]
[WhiteElo "2191"]
[BlackElo "2359"]
[PlyCount "49"]
[EventDate "2020.09.11"]
[EventType "swiss"]
[EventRounds "9"]
[EventCountry "MNE"]
[TimeControl "5400+30"]

1. e4 e5 2. Nf3 Nc6 3. d4 exd4 4. Nxd4 Qh4 5. Nc3 Bb4 6. Be2 Nf6 7. O-O Bxc3 8. bxc3 Nxe4 9. Bf3 O-O 10. Nf5 Qf6 11. Bxe4 d5 12. Qxd5 Re8 13. Ng3 Qxc3 14. Bd2 Qf6 15. Qg5 Qxg5 16. Bxg5 Nd4 17. Rfe1 Be6 18. c3 Nc6 19. Bxc6 bxc6 20. Bf4 Rab8 21. Bxc7 Rb2 22. a4 Rc8 23. Bd6 Rd8 24. Bc5 g6 25. Bxa7 1-0